 Dungeon Crawl Stone Soup version 0.26.1-11-gd32895ea62 (webtiles) character file.

Game seed: 7686826820275991078

40 KapersCrawl the Sneak (level 3, -2/23 HPs)
             Began as an Octopode Hedge Wizard on Apr 15, 2021.
             Slain by a hound (3 damage)
             ... on level 2 of the Dungeon.
             The game lasted 00:07:43 (1942 turns).

KapersCrawl the Sneak (Octopode Hedge Wizard)       Turns: 1942, Time: 00:07:44

Health: -2/23      AC:  1    Str:  9    XL:     3   Next: 50%
Magic:  0/7        EV: 13    Int: 17    God:
Gold:   125        SH:  0    Dex: 11    Spells: 5/8 levels left

rFire    . . .     SeeInvis .   a - +0 war axe
rCold    . . .     Faith    .   (no shield)
rNeg     . . .     Spirit   .   f - +0 hat
rPois    .         Reflect  .   (no amulet)
rElec    .         Harm     .   (no ring)
rCorr    .         Rampage  .   (no ring)
Will     .....                  (no ring)
Stlth    +++.......             (no ring)
HPRegen  0.07/turn              (no ring)
MPRegen  0.10/turn              (no ring)
                                (no ring)
                                (no ring)

@: no status effects
A: almost no armour, stealthy swim, amphibious, 8 rings, constrict 8, camouflage
1, gelatinous body 1
a: no special abilities


You were on level 2 of the Dungeon.
You visited 1 branch of the dungeon, and saw 2 of its levels.

You collected 125 gold pieces.

Inventory:

Hand Weapons
 a - a +0 war axe (weapon)
 b - a +0 hunting sling
Missiles
 d - 53 stones
 n - 28 sling bullets
Armour
 f - a +0 hat (worn)
Jewellery
 m - an uncursed ring of fire {unknown}
Scrolls
 c - a scroll of identify
 e - 4 scrolls of magic mapping {unknown}
 g - a scroll of enchant armour {unknown}
 h - a scroll of teleportation {unknown}
 i - 2 scrolls of amnesia {unknown}
 j - a scroll of remove curse {unknown}
 k - a scroll of fog {unknown}
Potions
 l - a potion of lignification
 o - a potion of flight {unknown}


   Skills:
 + Level 1.1 Fighting
 - Level 2.0 Dodging
 - Level 3.6 Stealth
 - Level 3.0 Spellcasting
 - Level 1.0 Conjurations
 - Level 2.4 Summonings
 - Level 1.0 Translocations


You had 5 spell levels left.
You knew the following spells:

 Your Spells              Type           Power        Failure   Level
a - Magic Dart            Conj           20%          12%         1
b - Call Imp              Summ           10%          10%         2

Your spell library contained the following spells:

 Spells                   Type           Power        Failure   Level
 Blink                    Tloc           N/A          17%         2
 Slow                     Hex            2%           26%         2
 Conjure Flame            Conj/Fire      4%           38%         3
 Mephitic Cloud           Conj/Pois/Air  3%           41%         3


Dungeon Overview and Level Annotations

Branches:
Dungeon (2/15)

Altars:
Makhleb


Innate Abilities, Weirdness & Mutations

You cannot wear most types of armour.
You are very stealthy in the water. (Stealth+)
You are amphibious.
You can wear up to eight rings at the same time.
You can use your tentacles to constrict eight enemies at once.
Your skin changes colour to match your surroundings (Stealth+).
Your rubbery body absorbs attacks. (AC +1, EV +1)


Message History

Orders for allies: a - Attack new target. r - Retreat! s - Stop attacking. g - Guard the area. f - Follow me.
Anything else - Cancel.
Gang up on whom?
Press: ? - help, Dir - move target, f - hound
Aim: a hound Attack!
The hound bites you.
Your white imp barely misses the hound.
The hound bites you.
Your iron imp barely misses the hound.
Casting: Call Imp (safe; 10% risk of failure)
Confirm with . or Enter, or press ? or * to list all spells.
A shadowy apparition takes form in the air.
The hound barely misses you.
Your iron imp hits the hound!
The hound closely misses you.
You swap places.
The hound bites you. x2
* * * LOW HITPOINT WARNING * * *
Your shadow imp misses the hound.
Your shadow imp hits the hound but does no damage.
The hound bites you.
You die...

######.#####.###########.#
#............# #..
#.####.####..# ### #.#
#..# #.# #..# ######..# ##
##....# #._ #....## #..
##.@..# #.. #.h...#
#.###5.##.# #.†#.5###.#
#.5.## ..# ##.## ### ###


You could see a hound, a friendly iron imp (summoned), a friendly white imp
(summoned) and a friendly shadow imp (summoned).

Vanquished Creatures
  A giant cockroach (D:1)
  3 goblins (D:2)
  A hobgoblin (D:1)
  A jackal (D:2)
  2 kobolds
  A quokka (D:2)
  2 ball pythons
  4 bats
  A frilled lizard (D:2)
  2 rats
18 creatures vanquished.

Vanquished Creatures (collateral kills)
  2 adders (D:2)
  2 oozes (D:1)
  A worm (D:2)
  A goblin (D:2)
  A jackal (D:2)
  A kobold (D:2)
  A ball python (D:2)
9 creatures vanquished.

Grand Total: 27 creatures vanquished

Notes
Turn   | Place    | Note
-------+----------+-------------------------------------------
     0 | D:1      | KapersCrawl the Octopode Hedge Wizard began the quest for
                  | the Orb.
     0 | D:1      | Reached XP level 1. HP: 11/11 MP: 4/4
   649 | D:1      | Reached XP level 2. HP: 17/17 MP: 4/6
   652 | D:1      | Learned a level 2 spell: Call Imp
  1288 | D:2      | Reached XP level 3. HP: 21/21 MP: 0/7
  1935 | D:2      | Reached skill level 1 in Fighting
  1935 | D:2      | Found a burning altar of Makhleb.
  1940 | D:2      | HP: 1/23 [hound (6)]
  1942 | D:2      | Slain by a hound

Illustrated notes

Levels and vault maps discovered:
D:1:      minmay_arrival_arboretum_small, layout_basic
D:2:      layout_loops_ring, chequers_ecumenical_altar_simple_redux,
          makhleb_blood_cavern_becter

Skill      XL: |  1  2  3 |
---------------+----------+-----
Stealth        | 3 |  3.6
Summonings     | 2 |  2.4
Fighting       | 1 |  1.1
Dodging        | |  2.0
Spellcasting   | |  3.0
Conjurations   | |  1.0
Translocations | |  1.0

Action                   || total
-------------------------++-------
Melee: Dagger            ||    14
       Constrict         ||     4
       Tentacles         ||     3
       War axe           ||     1
 Fire: Hunting sling     ||     8
 Cast: Magic Dart        ||    32
       Call Imp          ||    20
  Use: Scroll            ||     1
Armor: Skin              ||     1
Dodge: Dodged            ||    20
